 Dungeon Crawl Stone Soup version 0.29.1-1-gd02db6906a (webtiles) character file.

Game seed: 7311922405441043871

10 KatarinaDamacy the Cudgeller (level 2, 0/5 (27) HPs)
             Began as a Meteoran Cinder Acolyte on Sept 27, 2022.
             Was a High Priest of Ignis.
             Slain by a rat (1 damage)
             ... on level 1 of the Dungeon.
             The game lasted 00:02:21 (823 turns).

KatarinaDamacy the Cudgeller (MeCA)                  Turns: 823, Time: 00:02:21

HP:   0/5 (27)      AC:  2    Str: 15    XL:     2   Next: 47%
MP:   5/5           EV: 11    Int: 15    God:    Ignis [*****.]
Gold: 35            SH:  0    Dex:  9    Spells: 3/3 levels left

rFire   + . .      SeeInvis .   a - -1 mace (flame)
rCold   . . .      Faith    .   (no shield)
rNeg    . . .      Spirit   .   b - +0 robe
rPois   .          Reflect  .   (no helmet)
rElec   .          Harm     .   (no cloak)
rCorr   .          Rampage  .   (no gloves)
Will    .....                   (no boots)
Stlth   +.........              c - amulet of regeneration
HPRegen 0.81/turn               (no ring)
MPRegen 0.09/turn               (no ring)

@: glowing, extremely drained
A: sense surroundings 1, otherworldly, glowing, explore regen
a: Renounce Religion, Fiery Armour, Foxfire Swarm, Rising Flame


You were on level 1 of the Dungeon.
You worshipped Ignis.
Ignis was extremely pleased with you.
You visited 1 branch of the dungeon, and saw 1 of its levels.

You collected 35 gold pieces.

Inventory:

Hand Weapons
 a - a -1 mace of flaming (weapon)
Armour
 b - a +0 robe (worn)
Jewellery
 c - an amulet of regeneration (around neck)
Scrolls
 d - a scroll of enchant armour {unknown}
Potions
 e - a potion of might {unknown}


   Skills:
 + Level 3.8 Fighting
 + Level 4.2 Maces & Flails
 + Level 1.3 Spellcasting
 + Level 3.7 Fire Magic


You had 3 spell levels left.
You didn't know any spells.
Your spell library contained the following spells:

 Spells                   Type           Power      Damage    Failure   Level
 Scorch                   Fire           24%        2d6       8%          2


Dungeon Overview and Level Annotations

Branches:
Dungeon (1/15) Zot: 172

Altars:


Innate Abilities, Weirdness & Mutations

You passively map a small area around you.
You are easily found by Zot.
You glow in the dark.
You regain HP and MP as you explore.


Message History

The rat bites you. The rat closely misses you. Zot's power touches on you...
You feel drained. The rat bites you. The rat barely misses you.
The rat barely misses you. The rat bites you. The rat bites you.
Ouch! That really hurt!
* * * LOW HITPOINT WARNING * * *
The rat barely misses you. The rat bites you but does no damage.
The rat bites you but does no damage. The rat bites you but does no damage.
The rat bites you. The rat bites you. The rat barely misses you.
The rat closely misses you. The rat barely misses you.
The rat completely misses you. The rat bites you. The rat barely misses you.
The rat barely misses you.
The rat twitches its whiskers.
The rat completely misses you. The rat bites you.
Ouch! That really hurt!
The rat bites you. The rat bites you but does no damage.
The rat bites you but does no damage. The rat bites you. The rat bites you.
The rat bites you.
* * * LOW HITPOINT WARNING * * *
The rat bites you but does no damage.
The rat twitches its whiskers.
The rat bites you.
* * * LOW HITPOINT WARNING * * *
The rat bites you.
You die...

.# ,* * , .# * * * ,
, , †##### ######## *
, #....#####...,..# ,
##......##.####.#
#.†#.##.......#.#
........##.##.#.#
#..#.#..##.##.#.###
#.##.......##...@.#*
#.##..)....##.###r..#
#.##.......##.#
.#)..#
#.............#
*..,#.#
#.##.......##......#
#
...........####..###
..........# ,.#
#.#........# * ,
..#.######## *


You could see a rat.

Vanquished Creatures
  A dart slug (D:1)
  A ball python (D:1)
  A goblin (D:1)
  A hobgoblin (D:1)
  2 quokkas (D:1)
  A rat (D:1)
7 creatures vanquished.

Notes
Turn   | Place    | Note
-------+----------+-------------------------------------------
     0 | D:1      | KatarinaDamacy the Meteoran Cinder Acolyte began the quest
                  | for the Orb.
     0 | D:1      | Reached XP level 1. HP: 19/19 MP: 3/3
   169 | D:1      | Reached XP level 2. HP: 26/26 MP: 5/5
   495 | D:1      | Glimpsed the power of Zot.
   545 | D:1      | Glimpsed the power of Zot.
   585 | D:1      | Glimpsed the power of Zot.
   595 | D:1      | Touched by the power of Zot.
   696 | D:1      | Glimpsed the power of Zot.
   746 | D:1      | Glimpsed the power of Zot.
   786 | D:1      | Glimpsed the power of Zot.
   795 | D:1      | Touched by the power of Zot.
   823 | D:1      | Slain by a rat

Illustrated notes

Levels and vault maps discovered:
D:1:      dpeg_arrival_windows_large_door, layout_loops_cross,
          hellmonk_ecumenical_altar_inner_sanctum, dk_noncrumbling_2

Action                   || total
-------------------------++-------
Melee: Mace              ||    21
Armor: Robe              ||   122
Dodge: Dodged            ||   263
